 Dungeon Crawl Stone Soup version 0.19-a0-1903-gead39cf (webtiles) character file.

23 LORDOFBUTT the Sneak (level 2, 0/14 HPs)
             Began as a Spriggan Assassin on Oct 20, 2016.
             Slain by a kobold
             ... wielding a +0 short sword
              (4 damage)
             ... on level 1 of the Dungeon.
             The game lasted 00:00:54 (430 turns).

LORDOFBUTT the Sneak (Spriggan Assassin)             Turns: 430, Time: 00:00:55

Health: 0/14       AC:  3    Str:  7    XL:     2   Next: 72%
Magic:  3/3        EV: 17    Int: 12    God:
Gold:   14         SH:  0    Dex: 17    Spells: 0 memorised, 1 level left

rFire  . . .     SeeInvis +     b - +0 blowgun
rCold  . . .     Gourm    .     c - +0 robe
rNeg   + . .     Faith    .     (shield restricted)
rPois  .         Spirit   .     (helmet restricted)
rElec  .         Reflect  .     d - +0 cloak
rCorr  .         Harm     .     (gloves unavailable)
MR     .....                    (boots unavailable)
Stlth  ++++......               (no amulet)
                                (no ring)
                                h - ring of positive energy

@: very quick
A: unfitting armour, see invisible, herbivore 3, speed 3, slow metabolism 2
a: no special abilities


You were on level 1 of the Dungeon.
You were not hungry.

You visited 1 branch of the dungeon, and saw 1 of its levels.

You collected 14 gold pieces.

Inventory:

Hand Weapons
 a - a +2 dagger
 b - a +0 blowgun (weapon)
Missiles
 e - 25 poisoned needles (quivered)
 f - 2 curare-tipped needles
Armour
 c - a +0 robe (worn)
 d - a +0 cloak (worn)
Jewellery
 h - a ring of positive energy (left hand)
Scrolls
 j - a scroll of identify {unknown}
Potions
 i - a potion of berserk rage {unknown}
 k - a potion of invisibility {unknown}
 l - a potion of magic {unknown}
Comestibles
 g - a bread ration


   Skills:
 + Level 1.5 Fighting
 + Level 2.3 Short Blades
 + Level 2.0 Throwing
 + Level 1.5 Dodging
 * Level 7.1 Stealth


You had one spell level left.
You didn't know any spells.

Dungeon Overview and Level Annotations

Branches:
Dungeon (1/15)

Altars:


Innate Abilities, Weirdness & Mutations

You are very small and have problems with some larger weapons.
You are too small for most types of armour.
You have supernaturally acute eyesight. (SInv)
You are a herbivore.
You cover ground extremely quickly.
You need consume almost no food.


Message History

The kobold is poisoned.
The kobold is moderately wounded.
Firing (i - inventory. (,) - cycle):
e - 28 poisoned needles (quivered)
Press: ? - help, Shift-Dir - straight line, f/p - kobold
Aim: a kobold, wielding a short sword (heavily wounded, poisoned)
You shoot a poisoned needle.
The poisoned needle closely misses the kobold.
Firing (i - inventory. (,) - cycle):
e - 27 poisoned needles (quivered)
Press: ? - help, Shift-Dir - straight line, f/p - kobold
Aim: a kobold, wielding a short sword (moderately wounded, poisoned)
You shoot a poisoned needle.
The poisoned needle barely misses the kobold.
The kobold closely misses you.
Firing (i - inventory. (,) - cycle):
e - 26 poisoned needles (quivered)
Press: ? - help, Shift-Dir - straight line, f/p - kobold
Aim: a kobold, wielding a short sword (heavily wounded, poisoned)
You shoot a poisoned needle.
The poisoned needle closely misses the kobold.
The kobold hits you with a short sword.
You die...

#.## #.## #.## #.## #†##
#.## #.## ############
#... #((.K@.....# #.##
#.########.# #.## #. #.#
#†.. #. ####.########.#.
###. ###.............#.
...>###.............###.
##.........##.###.....##.
#...####.####............
.....###.########...†.#..


You could see a kobold.

Vanquished Creatures
  A gnoll (D:1)
  A giant cockroach (D:1)
  2 hobgoblins (D:1)
  A kobold (D:1)
  2 ball pythons (D:1)
  2 bats (D:1)
  A frilled lizard (D:1)
  2 goblins (D:1)
  4 rats (D:1)
16 creatures vanquished.

Notes
Turn   | Place    | Note
-------+----------+-------------------------------------------
     0 | D:1      | LORDOFBUTT the Spriggan Assassin began the quest for the Orb.
     0 | D:1      | Reached XP level 1. HP: 10/10 MP: 2/2
    73 | D:1      | Reached skill level 6 in Stealth
    79 | D:1      | Reached XP level 2. HP: 14/14 MP: 3/3
   201 | D:1      | Reached skill level 7 in Stealth
   430 | D:1      | Slain by a kobold

Vault maps used:
D:1:      lemuel_arrival_behind_the_door_large

Skill      XL: |  1  2 |
---------------+-------+-----
Stealth        | 6 7 |  7.1
Fighting       | |  1.5
Short Blades   | |  2.3
Throwing       | |  2.0
Dodging        | |  1.5

Action                   || total
-------------------------++-------
Melee: Dagger            ||    40
 Fire: Blowgun           ||     9
 Stab: Sleeping          ||     7
Armor: Robe              ||     2
Dodge: Dodged            ||    24
